 Dungeon Crawl Stone Soup version 0.28.0-53-g5a82cb258f (webtiles) character file.

Game seed: 11268626357314980944

243 styxcanada the Covert (level 5, -1/26 HPs)
             Began as a Spriggan Brigand on Aug 10, 2022.
             Was an Initiate of Gozag.
             Killed by divine providence
             ... invoked by an orc priest
              (11 damage)
             ... on level 3 of the Dungeon.
             The game lasted 00:09:31 (2598 turns).

styxcanada the Covert (Spriggan Brigand)            Turns: 2598, Time: 00:09:31

Health: -1/26      AC:  5    Str:  7    XL:     5   Next: 82%
Magic:  6/6        EV: 18    Int: 13    God:    Gozag
Gold:   129        SH:  0    Dex: 18    Spells: 4/4 levels left

rFire   . . .      SeeInvis +   a - +2 dagger
rCold   . . .      Faith    .   (no shield)
rNeg    . . .      Spirit   .   p - +2 robe {Will+}
rPois   .          Reflect  +   (helmet restricted)
rElec   .          Harm     .   c - +0 cloak
rCorr   .          Rampage  .   (gloves unavailable)
Will    +....                   (boots unavailable)
Stlth   ++........              m - amulet of reflection
HPRegen 0.08/turn               (no ring)
MPRegen 0.10/turn               (no ring)

@: confused, ambrosia-drunk, gold aura, very quick
A: very small, no large weapons, unfitting armour, see invisible, speed 3
a: Renounce Religion, Potion Petition, Call Merchant, Bribe Branch


You were on level 3 of the Dungeon.
You worshipped Gozag.
Gozag was aware of your devotion.
You visited 1 branch of the dungeon, and saw 3 of its levels.

You collected 143 gold pieces.
You paid 14 gold pieces to Gozag.

Inventory:

Hand Weapons
 a - a +2 dagger (weapon)
 b - a +0 hunting sling
Missiles
 f - 82 stones (quivered)
 o - a throwing net
Armour
 c - a +0 cloak (worn)
 p - a +2 robe of willpower (worn)
Jewellery
 m - an amulet of reflection (around neck)
 n - an amulet of the acrobat
Scrolls
 h - a scroll of enchant weapon {unknown}
 i - a scroll of identify {unknown}
 j - a scroll of torment {unknown}
 k - a scroll of immolation {unknown}
 q - a scroll of blinking {unknown}
 r - a scroll of teleportation {unknown}


   Skills:
 * Level 2.1 Fighting
 + Level 3.0 Short Blades
 + Level 2.4 Throwing
 * Level 3.0 Dodging
 * Level 9.2 Stealth


You had 4 spell levels left.
You didn't know any spells.
Your spell library was empty.

Dungeon Overview and Level Annotations

Branches:
Dungeon (3/15)

Altars:
Gozag


Innate Abilities, Weirdness & Mutations

You are very small and have problems with some larger weapons.
You are too small for most types of armour.
You have supernaturally acute eyesight. (SInv)
You cover ground extremely quickly. (Speed+++)


Message History

The orc is distracted by your dazzling golden aura.
Throw: 2 darts (curare)
Press: ? - help, Q - select action, (/) - cycle Shift-Dir - straight line, f/p - orc priest
Aim: an orc priest, wielding a +0 club and wearing a +0 leather armour (heavily wounded, 63% to hit)
You throw a curare-tipped dart.
The curare-tipped dart closely misses the orc priest.
The orc looks more healthy.
The orc priest closely misses you.
You feel better.
The orc is no longer distracted by gold.
The orc priest hits you with a +0 club.
Throw: dart (curare)
Press: ? - help, Q - select action, (/) - cycle Shift-Dir - straight line, f/p - orc priest
Aim: an orc priest, wielding a +0 club and wearing a +0 leather armour (heavily wounded, 63% to hit)
You throw a curare-tipped dart.
The curare-tipped dart closely misses the orc priest.
The curare-tipped dart hits the orc.
The orc is poisoned.
The orc convulses.
You kill the orc!
You block the orc priest's attack.
You closely miss the orc priest.
The orc priest is heavily wounded.
You hit the orc priest.
The orc priest is severely wounded.
The orc priest mumbles some strange prayers to Beogh against you.
Beogh smites you!
* * * LOW HITPOINT WARNING * * *
You hit the orc priest.
The orc priest is almost dead.
The orc priest closely misses you.
Unknown command.
It was a potion of ambrosia.
You are confused.
You feel invigorated. The orc priest hits you with a +0 club.
* * * LOW HITPOINT WARNING * * *
You bump into the rock wall.
The orc priest hits you with a +0 club.
* * * LOW HITPOINT WARNING * * *
You bump into the rock wall.
The orc priest mumbles some strange prayers to Beogh against you.
Beogh smites you!
You die...
Your body crumbles into a pile of gold.

#.#.# #....########
#. #.#.#
##........... .
#.#.#### ###....#####
. #.#....# #....#
#.#....# #....#
+......#
########....#
#.##...###
............#
.........#
#########.####
#.######.#
#($o@...#.# #.# ##.##
#.###.###.# ######
#.# #...# #..$o(((((#
##≈≈≈≈## #.# #...#
#####.###.###≈≈≈≈≈≈##
#.# #(..# #.#
#....≈≈...... #.#
##.#...# #.#
#...≈o....... #.#
#.#...# #.#
#..≈o...≈≈...
..######.#...#
#.###..≈.o≈$..≈..
.........+.....
........≈≈....≈..


You could see an orc priest.

Vanquished Creatures
  Sigmund (D:2)
  3 adders
  A shadow imp (D:3)
  A worm (D:3)
  2 dart slugs
  2 orcs (D:3)
  2 endoplasms (D:2)
  5 giant cockroaches
  2 goblins
  6 hobgoblins
  7 jackals
  2 kobolds
  3 quokkas
  6 ball pythons (D:2)
  A bat (D:3)
  A frilled lizard (D:1)
  6 rats
51 creatures vanquished.

Notes
Turn   | Place    | Note
-------+----------+-------------------------------------------
     0 | D:1      | styxcanada the Spriggan Brigand began the quest for the
                  | Orb.
     0 | D:1      | Reached XP level 1. HP: 10/10 MP: 2/2
    18 | D:1      | Reached skill level 6 in Stealth
   391 | D:1      | Reached XP level 2. HP: 14/14 MP: 3/3
   744 | D:2      | Reached skill level 7 in Stealth
   747 | D:2      | Reached XP level 3. HP: 18/18 MP: 4/4
  1683 | D:2      | Noticed Sigmund
  1723 | D:2      | Killed Sigmund
  1724 | D:2      | Reached skill level 8 in Stealth
  1724 | D:2      | Reached XP level 4. HP: 6/23 MP: 5/5
  1724 | D:2      | Reached XP level 5. HP: 6/26 MP: 6/6
  2043 | D:3      | Found an opulent altar of Gozag.
  2048 | D:3      | Became a worshipper of Gozag Ym Sagoz the Greedy
  2070 | D:3      | Reached skill level 9 in Stealth
  2594 | D:3      | HP: 1/26 [orc priest/divine providence (12)]
  2598 | D:3      | Killed from afar by an orc priest

Illustrated notes

Levels and vault maps discovered:
D:1:      dpeg_arrival_refuge, layout_rooms
D:2:      layout_loops_cross, kennysheep_generic_room_13, uniq_sigmund
D:3:      cheibrodos_helix_gallery, layout_basic, mainiacjoe_overflow_24_doors

Skill      XL: |  1  2  3  4  5 |
---------------+----------------+-----
Stealth        | 6 7 8 9 |  9.2
Dodging        | 2 3 |  3.0
Fighting       | 2 |  2.1
Short Blades   | 3 |  3.0
Throwing       | |  2.4

Action                   |  1- 3 |  4- 6 || total
-------------------------+-------+-------++-------
Melee: Dagger            |   106 |    44 ||   150
       Punch             |     3 |       ||     3
 Fire: Hunting sling     |       |     3 ||     3
Throw: Dart              |    12 |    16 ||    28
  Use: Potion            |     1 |     2 ||     3
 Stab: Sleeping          |     8 |     5 ||    13
       Distracted        |       |     2 ||     2
Armor: Robe              |    12 |     1 ||    13
Dodge: Dodged            |    77 |    15 ||    92
Block: Other             |     4 |    13 ||    17
